 Dungeon Crawl Stone Soup version 0.30.1-11-g7821555f0a (webtiles) character file.

Game seed: 13821845960837342121

29921 pkoi the Black Belt (level 13, -6/111 HPs)
             Began as a Green Draconian Monk on Oct 28, 2023.
             Was a High Priest of Dithmenos.
             Engulfed by a cloud of freezing vapour (12 damage)
             ... in an ice cave.
             The game lasted 00:32:20 (17290 turns).

pkoi the Black Belt (Green Draconian Monk)         Turns: 17290, Time: 00:32:20

Health: -6/111     AC: 16    Str: 20    XL:     13   Next: 17%
Magic:  17/17      EV: 15    Int: 15    God:    Dithmenos [*****.]
Gold:   1978       SH:  0    Dex: 14    Spells: 16/18 levels left

rFire   . .          .
                       - Unarmed
rCold   . . .        (no shield)
rNeg    . . .        (body armour unavailable)
rPois   +            (helmet restricted)
rElec   .            g - +0 cloak
rCorr   .            e - +1 pair of gloves
SInv    .            q - +0 pair of boots {Fly}
Will    .....        B - amulet of the acrobat
Stlth   +++++++      t - +6 ring of strength
HPRegen 0.38/turn    v - +4 ring of protection
MPRegen 0.15/turn

%: acrobat
@: flying, slowed, wreathed by umbra, studying Ice Magic, very slow
A: breathe noxious fumes, AC +8, unfitting armour, poison resistance,
cold-blooded
a: Breathe Noxious Fumes, Renounce Religion, Shadow Step, Shadow Form


You were in an ice cave.
You worshipped Dithmenos.
Dithmenos was extremely pleased with you.
You visited 2 branches of the dungeon, and saw 15 of its levels.
You also visited: Sewer, Ossuary, Bailey, Gauntlet and Ice Cave.

You collected 2088 gold pieces.
You spent 110 gold pieces at shops.

Inventory:

Hand Weapons
 b - a +5 longbow of electrocution
 E - the +9 rapier of the Sea {freeze, rF+ MP+9 Stlth+}
   (You found it on level 10 of the Dungeon)

   rF:        It protects you from fire.
   MP:        It affects your magic capacity (+9).
   Stlth:     It makes you more stealthy.
Missiles
 k - 24 poisoned darts (quivered)
 p - 13 boomerangs
 y - 5 curare-tipped darts
Armour
 e - a +1 pair of gloves (worn)
 g - a +0 cloak (worn)
 q - a +0 pair of boots of flying (worn)
Jewellery
 t - a +6 ring of strength (left hand)
 v - a +4 ring of protection (right hand)
 B - an amulet of the acrobat (around neck)
Wands
 h - a wand of flame (6)
 n - a wand of light (5)
 x - a wand of polymorph (9)
 z - a wand of roots (21)
 D - a wand of paralysis (6)
 H - a wand of digging (8)
Scrolls
 c - 7 scrolls of teleportation
 d - 2 scrolls of identify
 j - a scroll of poison
 s - 4 scrolls of fog
 w - 4 scrolls of blinking
 A - 2 scrolls of fear
 I - 3 scrolls of enchant weapon
 J - a scroll of silence
 K - a scroll of amnesia
Potions
 a - 3 potions of ambrosia
 f - 7 potions of might
 i - 4 potions of curing
 l - 9 potions of flight
 m - 4 potions of heal wounds
 o - 4 potions of brilliance
 r - 2 potions of berserk rage
 u - a potion of cancellation
 C - 2 potions of invisibility
 F - a potion of resistance
 G - 3 potions of haste


   Skills:
 - Level 9.0 Fighting
 + Level 6.6 Dodging
 + Level 9.4 Stealth
 + Level 16.1 Unarmed Combat
 - Level 3.0 Spellcasting
 - Level 3.0 Necromancy
 - Level 3.0 Air Magic
 - Level 6.0 Poison Magic
 - Level 3.1 Evocations


You had 16 spell levels left.
You knew the following spells:

 Your Spells              Type           Power      Damage    Failure   Level
a - Cigotuvi's Dreadful   Necr/Pois/Air  28%        N/A       6%          2

Your spell library contained the following spells:

 Spells                   Type           Power      Damage    Failure   Level
 Static Discharge         Conj/Air       12%        2-3/arc   16%         2
 Swiftness                Air            11%        N/A       17%         3
 Ensorcelled Hibernation  Hex/Ice        4%         N/A       30%         2
 Passwall                 Tmut/Erth      1%         N/A       30%         2
 Scorch                   Fire           4%         2d5       30%         2
 Vhi's Electric Charge    Tloc/Air       12%        N/A       32%         3
 Airstrike                Air            5%         2d(1-17)  50%         4
 Inner Flame              Hex/Fire       2%         N/A       52%         3
 Volatile Blastmotes      Fire/Tloc      4%         2d10      52%         3
 Summon Lightning Spire   Summ/Air       6%         N/A       71%         4
 Flame Wave               Conj/Fire      2%         2d4       89%         4
 Fulminant Prism          Conj/Hex       1%         3d5       89%         4
 Iskenderun's Mystic Bla  Conj/Tloc      2%         2d3       89%         4
 Sticky Flame             Conj/Fire      2%         2d3       89%         4
 Summon Ice Beast         Ice/Summ       2%         N/A       89%         4
 Arcjolt                  Conj/Air       3%         1d13      96%         5
 Lee's Rapid Deconstruct  Erth           1%         3d4*      99%         5
 Summon Cactus Giant      Summ           1%         N/A       100%        6
 Ozocubu's Refrigeration  Ice            1%         4d7       100%        7
 Storm Form               Tmut/Air       3%         N/A       100%        7
 Maxwell's Capacitive Co  Air            5%         ∞         100%        8


Dungeon Overview and Level Annotations

Branches:
Dungeon (10/15)            Temple (0/1) D:7            Lair (5/5) D:9
  Swamp (0/4) Lair:3        Snake (0/4) Lair:2        Slime (0/5) Lair:4
    Orc (0/2) D:9           Sewer (visited)         Ossuary (visited)
 Bailey (visited)           IceCv (1/1)             Gauntlet (visited)

Altars:
Ashenzari
Cheibriados
Dithmenos
Fedhas
Kikubaaqudgha
Qazlal
Trog
Uskayaw
Vehumet
Wu Jian
Jiyva

Shops:
D:7 *

Annotations:
D:8 2 runed translucent doors, laqueoix's ghost, novice MfSu
Lair:3 exclusion: oklob plant


Innate Abilities, Weirdness & Mutations

You can breathe blasts of noxious fumes.
Your lurid green scales are hard. (AC +8)
You cannot fit into any form of body armour.
Your system is resistant to poisons. (rPois)
You are cold-blooded and may be slowed by cold attacks.


Message History

The ice beast barely misses you. The ice beast hits you.
The ice beast freezes you.
You feel as though you will be slow longer.
You hit the ice statue but do no damage.
The ice statue is almost destroyed.
The ice statue gestures.
The ice beast closely misses you. The ice beast barely misses you.
Unknown command.
You hit the ice statue.
You tail-slap the ice statue, but do no damage.
The ice statue is almost destroyed.
The ice statue gestures at you. The shard of ice hits you!!
* * * LOW HITPOINT WARNING * * *
The ice beast barely misses you. The ice beast closely misses you.
The ice beast hits you.
* * * LOW HITPOINT WARNING * * *
The ice beast freezes you!
* * * LOW HITPOINT WARNING * * *
You hit the ice statue but do no damage.
The ice statue is almost destroyed.
The ice statue gestures at you. The freezing blast misses you.
The ice beast misses you.
The ice beast hits you but does no damage. x2
Unknown command.
You hit the ice statue but do no damage.
You punch the ice statue.
The ice statue is almost destroyed.
You are engulfed in freezing vapours.
You feel as though you will be slow longer.
* * * LOW HITPOINT WARNING * * *
The ice statue glitters chillingly in the dim dungeon light.
The ice beast closely misses you. x2; The ice beast misses you.
You pummel the ice statue!!
You destroy the ice statue!
Dithmenos accepts your kill.
The ice beast disappears in a puff of smoke! x3
You are engulfed in freezing vapours.
You feel as though you will be slow longer.
You die...

##..#..##...#
...#..##.####.##
###..##..#..#
###
#....#..##..#
#...##..##.##
#...#().#..#
#.°##.)##..#
#°○##.##..##
#°@####...#
#○°○##...##
#..°°#..##
#.......#
##......#
#.....## ##...##
#####


There were no monsters in sight!

Vanquished Creatures
  A quicksilver ooze (IceCv)
  A hydra (Lair:3)
  A boulder beetle (Lair:2)
  5 two-headed ogres
  A death drake (Bailey)
  A lindwurm (Lair:5)
  2 orc knights (Bailey)
  Maurice (D:9)
  An ice statue (IceCv)
  A black mamba (Lair:3)
  7 cane toads
  4 komodo dragons
  5 rime drakes
  3 polar bears
  Grinder (D:4)
  A troll (D:10)
  A hornet (D:8)
  17 blink frogs
  A vampire (D:9)
  Sigmund (D:2)
  28 yaks
  Eustachio (D:4)
  4 basilisks
  A hog (shapeshifter) (D:10)
  4 wyverns (D:9)
  6 vampire mosquitoes
  Menkaure (D:4)
  An acid dragon (D:9)
  6 nagas (Lair:2)
  15 water moccasins
  3 black bears
  2 ice beasts
  4 orc warriors (Bailey)
  A great orb of eyes simulacrum (IceCv)
  2 sky beasts
  An ogre (D:5)
  3 centaurs
  3 slime creature simulacra (IceCv)
  3 phantoms
  3 kobold brigands
  10 bullfrogs
  A gnoll sergeant (D:10)
  4 scorpions
  A glowing shapeshifter simulacrum (IceCv)
  15 wights
  3 howler monkeys (D:9)
  2 jellies
  3 hounds
  3 orc priests
  3 iguanas
  8 orc wizards
  A shapeshifter simulacrum (IceCv)
  Natasha (D:2)
  9 mummies
  Robin (D:3)
  12 adders
  7 gnolls
  2 river rats (Sewer)
  A shadow imp (D:5)
  An ufetubus (D:6)
  5 worms
  2 dart slugs
  48 orcs
  14 ball pythons
  8 endoplasms
  4 giant cockroaches
  A gnoll zombie (Ossuary)
  18 goblins
  12 hobgoblins
  9 jackals
  7 quokkas
  11 bats
  2 frilled lizards
  2 hobgoblin zombies (Ossuary)
  28 kobolds
  2 kobold zombies (Ossuary)
  3 orc zombies (Ossuary)
  9 rats
421 creatures vanquished.

Notes
Turn   | Place    | Note
-------+----------+-------------------------------------------
     0 | D:1      | pkoi the Draconian Monk began the quest for the Orb.
     0 | D:1      | Reached XP level 1. HP: 19/19 MP: 1/1
   297 | D:1      | Reached XP level 2. HP: 26/26 MP: 2/2
   968 | D:2      | Reached skill level 4 in Unarmed Combat
   968 | D:2      | Reached XP level 3. HP: 25/31 MP: 3/3
  1055 | D:2      | Found a broken altar of Ashenzari.
  1071 | D:2      | Noticed Sigmund
  1084 | D:2      | Killed Sigmund
  1085 | D:2      | Reached skill level 6 in Unarmed Combat
  1085 | D:2      | Reached XP level 4. HP: 26/38 MP: 4/4
  1085 | D:2      | Reached XP level 5. HP: 30/45 MP: 5/5
  1286 | D:2      | Noticed Natasha
  1305 | D:2      | Killed Natasha
  1744 | D:2      | Found a faded altar of an unknown god.
  2076 | D:3      | Reached XP level 6. HP: 47/52 MP: 6/6
  2162 | D:3      | Noticed Robin
  2360 | D:3      | Killed Robin
  2645 | D:4      | Noticed Eustachio
  2670 | D:4      | Killed Eustachio
  2671 | D:4      | Reached skill level 1 in Evocations
  2712 | D:4      | Your scales start taking on a lurid green colour.
  2712 | D:4      | Reached XP level 7. HP: 55/60 MP: 7/7
  2712 | D:4      | Gained mutation: Your system is resistant to poisons.
                  | (rPois) [Green Draconian growth]
  2730 | D:4      | Noticed Menkaure
  2734 | D:4      | Killed Menkaure
  2817 | D:4      | Found a glowing drain.
  2846 | Sewer    | Entered a sewer
  3903 | D:4      | Noticed Grinder
  3928 | D:4      | Killed Grinder
  3929 | D:4      | Reached skill level 5 in Fighting
  3929 | D:4      | Reached skill level 7 in Unarmed Combat
  4039 | D:4      | Reached XP level 8. HP: 68/68 MP: 8/8
  4280 | D:4      | Found a faded altar of an unknown god.
  4280 | D:4      | Found an ancient bone altar of Kikubaaqudgha.
  4287 | D:4      | Found a faded altar of an unknown god.
  4289 | D:4      | Found a shadowy altar of Dithmenos.
  4291 | D:4      | Found a radiant altar of Vehumet.
  4307 | D:4      | Became a worshipper of Dithmenos the Shadowed
  4307 | D:4      | Reached * piety under Dithmenos
  4307 | D:4      | Reached ** piety under Dithmenos
  4391 | D:5      | Entered Level 5 of the Dungeon
  4391 | D:5      | Found a blossoming altar of Fedhas.
  4559 | D:5      | Found a snail-covered altar of Cheibriados.
  4654 | D:5      | Reached skill level 1 in Stealth
  4811 | D:5      | Reached skill level 5 in Dodging
  4901 | D:5      | Noticed a moth of wrath
  5254 | D:5      | Found a bloodstained altar of Trog.
  5801 | D:6      | Reached *** piety under Dithmenos
  5806 | D:6      | Reached skill level 8 in Unarmed Combat
  5967 | D:6      | Found a stormy altar of Qazlal.
  5994 | D:6      | Reached XP level 9. HP: 68/75 MP: 9/9
  6299 | D:7      | Found a staircase to the Ecumenical Temple.
  6367 | D:7      | Found a sand-covered staircase.
  6377 | Ossuary  | Entered an ossuary
  6697 | D:7      | Reached **** piety under Dithmenos
  6860 | D:7      | Found Gemofoy's General Store.
  6866 | D:7      | Bought a potion of heal wounds for 50 gold pieces
  6870 | D:7      | Bought a scroll of identify for 20 gold pieces
  6870 | D:7      | Bought a potion of might for 40 gold pieces
  6903 | D:7      | Reached skill level 9 in Unarmed Combat
  7011 | D:7      | Reached skill level 5 in Stealth
  7278 | D:8      | Found a large runed translucent door.
  7278 | D:8      | Found a large runed translucent door.
  7281 | D:8      | Noticed laqueoix's ghost (novice MfSu)
  7386 | D:8      | Noticed a two-headed ogre
  7403 | D:8      | Killed a two-headed ogre
  7404 | D:8      | Reached skill level 10 in Unarmed Combat
  7589 | D:8      | Reached XP level 10. HP: 73/83 MP: 10/10
  8157 | D:9      | Found a staircase to the Orcish Mines.
  8252 | D:9      | Found a flagged portal.
  8261 | Bailey   | Entered a bailey
  8314 | Bailey   | Noticed an orc knight
  8324 | Bailey   | Noticed an orc knight
  8324 | Bailey   | Noticed an orc knight
  8345 | Bailey   | Killed an orc knight
  8346 | Bailey   | Reached skill level 11 in Unarmed Combat
  8421 | Bailey   | Killed an orc knight
  8548 | Bailey   | an orc knight changed into a death drake
  8548 | Bailey   | Noticed a death drake
  8557 | Bailey   | Killed a death drake
  8953 | Bailey   | Found the +5 robe of Night {Dark Will+ SInv}
  9154 | D:9      | Reached ***** piety under Dithmenos
  9172 | D:9      | Reached XP level 11. HP: 77/91 MP: 11/11
  9232 | D:9      | Reached skill level 12 in Unarmed Combat
  9383 | D:9      | Noticed Maurice
  9414 | D:9      | Killed Maurice
  9487 | D:9      | Found a hide-covered altar of Uskayaw.
  9608 | D:9      | Found a staircase to the Lair.
  9858 | D:10     | Entered Level 10 of the Dungeon
  9919 | D:10     | Got Coic's Secrets of Crystallized Astrapomancy
 10012 | D:10     | Learned a level 2 spell: Cigotuvi's Dreadful Rot
 10188 | D:10     | Reached skill level 1 in Poison Magic
 10196 | D:10     | Reached skill level 1 in Air Magic
 10361 | D:10     | Found an ornate altar of the Wu Jian Council.
 10374 | D:10     | Identified the +0 mace of Nuqycsot {elec, Contam Will+
                  | Dex+4}
 10377 | D:10     | Identified the +9 rapier of the Sea {freeze, rF+ MP+9
                  | Stlth+}
 10553 | D:10     | Reached skill level 1 in Spellcasting
 10553 | D:10     | Reached skill level 1 in Necromancy
 10759 | D:10     | Noticed a two-headed ogre
 10767 | D:10     | Killed a two-headed ogre
 10824 | D:10     | Noticed a two-headed ogre
 10831 | D:10     | Killed a two-headed ogre
 10966 | D:10     | Noticed a two-headed ogre
 10975 | D:10     | Killed a two-headed ogre
 11046 | D:10     | Noticed a two-headed ogre
 11050 | D:10     | Killed a two-headed ogre
 11258 | Lair:1   | Entered Level 1 of the Lair of Beasts
 11385 | Lair:1   | Found a gate leading to a gauntlet.
 11425 | Gauntlet | Entered a Gauntlet
 11425 | Gauntlet | Noticed a catoblepas
 11425 | Gauntlet | Found a transporter.
 11425 | Gauntlet | Found a transporter.
 11425 | Gauntlet | Found a transporter.
 11533 | Gauntlet | Found a transporter.
 11543 | Gauntlet | Found a transporter.
 11545 | Gauntlet | Found a transporter.
 11547 | Gauntlet | Noticed a ghost crab
 11556 | Gauntlet | Found a transporter.
 11575 | Gauntlet | Found a transporter.
 11575 | Gauntlet | Noticed a wizard
 11576 | Gauntlet | Noticed a wizard
 11590 | Gauntlet | Found a transporter.
 11593 | Gauntlet | Found a transporter.
 11601 | Gauntlet | Found a transporter.
 11604 | Gauntlet | Found a transporter.
 11951 | Lair:1   | Reached skill level 13 in Unarmed Combat
 11951 | Lair:1   | Reached XP level 12. HP: 52/103 MP: 16/16
 12778 | Lair:2   | Noticed a boulder beetle
 13169 | Lair:1   | Reached skill level 5 in Poison Magic
 13389 | Lair:2   | Killed a boulder beetle
 13881 | Lair:2   | Reached skill level 14 in Unarmed Combat
 13960 | Lair:2   | Found a staircase to the Snake Pit.
 14637 | Lair:3   | Noticed a six-headed hydra
 14646 | Lair:3   | Killed a six-headed hydra
 14753 | Lair:3   | Reached skill level 15 in Unarmed Combat
 15183 | Lair:3   | Found a blossoming altar of Fedhas.
 15286 | Lair:3   | Found a staircase to the Swamp.
 15753 | Lair:4   | Found a viscous altar of Jiyva.
 15754 | Lair:4   | Found a staircase to the Slime Pits.
 16379 | Lair:5   | Entered Level 5 of the Lair of Beasts
 16404 | Lair:5   | Reached XP level 13. HP: 97/111 MP: 17/17
 16456 | Lair:5   | Reached skill level 16 in Unarmed Combat
 16627 | Lair:5   | Found a frozen archway.
 16643 | IceCv    | Entered an ice cave
 16847 | IceCv    | Noticed a quicksilver ooze
 16856 | IceCv    | Killed a quicksilver ooze
 17289 | IceCv    | HP: 5/111 [ice statue] (6)]
 17290 | IceCv    | Engulfed by a cloud of freezing vapour

Illustrated notes

Levels and vault maps discovered:
D:1:      lemuel_arrival_tunnels, layout_basic
D:2:      layout_basic, basic_altar, hellmonk_ecumenical_altar_inner_sanctum,
          uniq_natasha, uniq_sigmund
D:3:      layout_rooms, uniq_robin
D:4:      layout_basic, chequers_temple_overflow_minitemple,
          cheibrodos_sewer_entry_sluice, uniq_eustachio, uniq_grinder,
          uniq_menkaure
D:5:      layout_loops_cross, tgw_trog, mainiacjoe_overflow_large_starburst,
          serial_rivers, chequers_serial_rivers_large_a,
          chequers_serial_rivers_micro_a, chequers_serial_rivers_micro_c,
          chequers_serial_rivers_micro_a, chequers_serial_rivers_micro_b
D:6:      layout_basic, mainiacjoe_overflow_surrounded_room,
          dreamdust_princess_corridor
D:7:      layout_rooms, minmay_temple_entry_hall, gup_ossuary_entry_pyramid,
          serial_shops, nicolae_shop_rolling_square
D:8:      layout_cave_pods, ebering_ghost_disaster_area
D:9:      layout_basic, mainiacjoe_overflow_24_doors, minmay_lair_entry_grove,
          david_orc_2, enter_bailey_2, dk_noncrumbling_2, uniq_maurice
D:10:     wad_cavern_with_rooms, layout_loops_corners,
          nicolae_wu_jian_glorious_leap, kennysheep_small_spiral,
          bh_walls_and_bars
Lair:1:   layout_loops_ring, gauntlet_entry_generic, minivault_24,
          nicolae_quartered_pool_little
Lair:2:   layout_big_grid, minmay_snake_entry_guardpost_medium,
          grunt_megastairs_5, serial_bayou_shore_b, infiniplex_staircase_pool,
          lemuel_fruit_tree, serial_bayou_shore_b
Lair:3:   layout_chaotic_city, swamp_mist, tgw_fedhas,
          infiniplex_staircase_pool_2
Lair:4:   layout_loops_ring, slime_entry_1
Lair:5:   hangedman_lair_in_review, layout_misc_corridors,
          gammafunk_ghost_grave, basic_altar, portal_ice_cave_rime
IceCv:    ice_cave_hellmonk_azure_passage

Skill      XL: |  1  2  3  4  5  6  7  8  9 10 11 12 13 |
---------------+----------------------------------------+-----
Unarmed Combat | 4 6 7 8 10 11 13 15 16 | 16.1
Dodging        | 3 4 5 6 |  6.6
Fighting       | 4 5 6 8 9 |  9.0
Evocations     | 1 3 |  3.1
Stealth        | 3 7 9 |  9.4
Poison Magic   | 4 6 |  6.0
Air Magic      | 3 |  3.0
Spellcasting   | 3 |  3.0
Necromancy     | 3 |  3.0

Action                     |  1- 3 |  4- 6 |  7- 9 | 10-12 | 13-15 || total
---------------------------+-------+-------+-------+-------+-------++-------
  Melee: Unarmed           |    81 |   156 |   299 |   451 |    82 ||  1069
         Tailslap          |    17 |    27 |    28 |    72 |    17 ||   161
         Punch             |       |     2 |    14 |    46 |     7 ||    69
         Rapier            |       |       |       |    26 |       ||    26
   Fire: Longbow           |       |       |   195 |   228 |    20 ||   443
Ability: Breathe Noxious F |       |       |     3 |    10 |       ||    13
  Evoke: Wand              |       |     2 |     3 |     8 |       ||    13
    Use: Scroll            |       |     8 |    12 |     5 |       ||    25
         Potion            |       |     4 |       |       |       ||     4
   Stab: Invisible         |       |     4 |       |       |       ||     4
         Paralysed         |       |       |     1 |       |       ||     1
         Confused          |       |       |     2 |     5 |       ||     7
         Sleeping          |       |       |     2 |    14 |     3 ||    19
 Armour: Skin              |    18 |    54 |   105 |   153 |    26 ||   356
  Dodge: Dodged            |    61 |   124 |   228 |   384 |    56 ||   853
